 Dungeon Crawl Stone Soup version 0.31-a0-408-gb642c7f9a3 (webtiles) character file.

Game seed: 6931587124021261125

92 Vomitron the Poker (level 4, -4/34 HPs)
             Began as a Demonspawn Gladiator on July 30, 2023.
             Was a Plaything of Xom.
             Slain by a gnoll
             ... wielding a +0 halberd
              (9 damage)
             ... on level 4 of the Dungeon.
             The game lasted 00:03:31 (2368 turns).

Vomitron the Poker (Demonspawn Gladiator)           Turns: 2368, Time: 00:03:31

Health: -4/34      AC:  4    Str: 14    XL:     4   Next: 35%
Magic:  0/4        EV: 14    Int: 10    God:    Xom [..*...]
Gold:   144        SH:  4    Dex: 16    Spells: 3/3 levels left

rFire   . . .        a - +0 trident
rCold   . . .        q - +0 buckler
rNeg    . . .        b - +0 leather armour
rPois   .            c - +0 helmet
rElec   .            (no cloak)
rCorr   .            (no gloves)
SInv    .            (no boots)
Will    .....        i - amulet of guardian spirit
Stlth   +            (no ring)
HPRegen 0.25/turn    (no ring)
MPRegen 0.09/turn

%: guardian spirit
@: about to teleport
A: repulsion field 1, demonic guardian 1, powered by death 1
a: Renounce Religion


You were on level 4 of the Dungeon.
You worshipped Xom.
You were a toy of Xom.
You visited 1 branch of the dungeon, and saw 4 of its levels.

You collected 144 gold pieces.

Inventory:

Hand Weapons
 a - a +0 trident (weapon)
Missiles
 d - 3 throwing nets
 e - a javelin
 v - 6 poisoned darts (quivered)
Armour
 b - a +0 leather armour (worn)
 c - a +0 helmet (worn)
 q - a +0 buckler (worn)
Jewellery
 i - an amulet of guardian spirit (around neck)
 k - a ring of see invisible
 r - an amulet of magic regeneration
Wands
 s - a wand of acid (5)
Scrolls
 f - a scroll of revelation
 j - a scroll of vulnerability {unknown}
 m - 3 scrolls of enchant weapon {unknown}
 n - 2 scrolls of immolation {unknown}
 o - a scroll of poison {unknown}
 u - 2 scrolls of identify {unknown}
Potions
 g - a potion of haste {unknown}
 l - a potion of ambrosia {unknown}
 p - 2 potions of heal wounds {unknown}
 t - a potion of enlightenment {unknown}
 w - 2 potions of curing {unknown}
 x - 2 potions of mutation {unknown}


   Skills:
 + Level 2.8 Fighting
 * Level 3.6 Polearms
 - Level 1.7 Throwing
 + Level 3.2 Dodging
 + Level 1.1 Shields


You had 3 spell levels left.
You didn't know any spells.
Your spell library contained the following spells:

 Spells                   Type           Power      Damage    Failure   Level
 Sting                    Tmut/Pois      0%         1d3       54%         1


Dungeon Overview and Level Annotations

Branches:
Dungeon (4/15)
 Temple: D:4-7

Altars:
Xom


Innate Abilities, Weirdness & Mutations

You are surrounded by a mild repulsion field. (EV +2)
A weak demonic guardian rushes to your aid.
You regenerate a little health from kills.


Message History

You see here a +0 club.
You see here a +0 war axe.
Done exploring.
Done exploring.
(D) Dungeon
Where to? (Enter - D:3, ? - help)
What level of the Dungeon? (default 1, ? - help) Xom almost notices you.
Your eyebrows wriggle.
(D) Dungeon
Where to? (Enter - D:4, ? - help)
There is a stone staircase leading down here.
You climb downwards.
Found 9 gold pieces.
There is a stone staircase leading up here.
As you read the scroll labelled POWOIHADOI, it crumbles to dust.
You feel aware of your surroundings.
You sensed 1 altar.
It was a scroll of revelation.
A hobgoblin comes into view.
As you read the scroll labelled ANWUD JAUG VUECK, it crumbles to dust.
You feel strangely unstable.
It was a scroll of teleportation.
You now have 144 gold pieces (gained 9).
Your surroundings suddenly seem different. 3 gnolls come into view.
Xom roars with laughter!
The gnoll shouts! x2
The gnoll hits you but does no damage. The gnoll hits you with a +0 halberd!
A black bear comes into view.
As you read the scroll of teleportation, it crumbles to dust.
You feel strangely unstable. The gnoll barely misses you.
The gnoll closely misses you.
Unknown command.
Found 12 gold pieces.
The gnoll closely misses you. The gnoll hits you with a +0 halberd!
A demonic guardian appears!
The gnoll hits you from afar with a +0 halberd!
* * * LOW HITPOINT WARNING * * *
A shower of butterflies erupts from you!
The gnoll attacks as you move away! The gnoll hits you with a +0 halberd!
You die...
Xom thinks this is hilarious!

* *,,,,,* **,* * *,***** *,,* *
*,* *,** * *,* #####*
***##*,****** * *,*
*#....##**,#.#*,**,*,**** ***,*
*,#.h...###.#*,.,**,***,, <,,,*
***#.....gg#,..8,,,*,,,,, ,****
*,#..5.g#$.#,,,*,,*,,,, ,,,*
**##.#@...#,,8,,*,,,,*, ,,,*
#.#.#bb#....,,,*,,*,* ,,,*
******#*##*###,##.**,******
,,,****,,,,,,,*,******,,,******,*
,,,,,,,,******,**,,* **,** *,,**,
,,..***,* **,*,,,****,,,****,,,*
###.###.###*,**,,,,,,,,*,,,,,,,,*
###.###.###,*,,,****,,***,,****,,
###.###.##.**,,,,,,,,,,*,,,,,,,,,


You could see a black bear, 3 gnolls and a friendly ufetubus (summoned).

Vanquished Creatures
  2 adders (D:2)
  A worm (D:3)
  A dart slug (D:2)
  4 orcs (D:3)
  3 bats
  7 endoplasms
  5 giant cockroaches
  4 goblins
  7 hobgoblins
  3 jackals (D:2)
  2 kobolds
  3 quokkas
  4 ball pythons
  3 frilled lizards
  4 rats
53 creatures vanquished.

Vanquished Creatures (collateral kills)
  A worm (D:2)
  A hobgoblin (D:2)
2 creatures vanquished.

Grand Total: 55 creatures vanquished

Notes
Turn   | Place    | Note
-------+----------+-------------------------------------------
     0 | D:1      | Vomitron the Demonspawn Gladiator began the quest for the
                  | Orb.
     0 | D:1      | Reached XP level 1. HP: 16/16 MP: 1/1
   213 | D:1      | Gained mutation: A weak demonic guardian rushes to your
                  | aid. [demonic ancestry]
   213 | D:1      | Reached XP level 2. HP: 22/22 MP: 2/2
   943 | D:2      | Gained mutation: You are surrounded by a mild repulsion
                  | field. (EV +2) [demonic ancestry]
   943 | D:2      | Reached XP level 3. HP: 18/28 MP: 1/3
  1822 | D:3      | Gained mutation: You regenerate a little health from kills.
                  | [demonic ancestry]
  1822 | D:3      | Reached XP level 4. HP: 34/34 MP: 4/4
  1842 | D:3      | Reached skill level 1 in Shields
  1855 | D:3      | Found a faded altar of an unknown god.
  1890 | D:3      | Got Plato's Collected Works on Venom
  1904 | D:3      | Prayed at the altar of an unknown god.
  1904 | D:3      | Became a worshipper of Xom of Chaos
  2204 | D:3      | XOM: silly message
  2347 | D:3      | XOM: silly message
  2365 | D:4      | Noticed a black bear
  2367 | D:4      | XOM: butterfly on damage
  2368 | D:4      | Slain by a gnoll

Illustrated notes

Levels and vault maps discovered:
D:1:      ncdulo_wetmaze, layout_basic, serial_curves, eino_curves_04,
          eino_curves_03, eino_curves_03, eino_curves_02, palyth_stone_intersect
D:2:      layout_loops_ring
D:3:      layout_basic, shapermc_ecumenical_altar_rom_forum
D:4:      wad_crossroads, layout_basic, nicolae_overflow_crystal_walls,
          uniq_sigmund

Skill      XL: |  1  2  3  4 |
---------------+-------------+-----
Polearms       | 3 |  3.6
Dodging        | 3 |  3.2
Shields        | 1 |  1.1
Fighting       | |  2.8
Throwing       | |  1.7

Action                     |  1- 3 |  4- 6 || total
---------------------------+-------+-------++-------
  Melee: Trident           |   143 |    51 ||   194
    Use: Scroll            |       |     3 ||     3
   Stab: Sleeping          |     3 |     1 ||     4
 Armour: Leather armour    |    27 |     4 ||    31
  Dodge: Dodged            |    64 |    20 ||    84
  Block: Buckler           |    20 |     6 ||    26

Table legend: (Time is in decaauts)
 A = Elapsed time spent in this place.
 B = Non-inter-level travel time spent in this place.
 C = Inter-level travel time spent in this place.
 D = Time resting spent in this place.
 E = Time spent auto-exploring this place.
 F = Levels seen in this place.
 G = Mean time per level.
                   A        B        C        D        E       F      G
               +--------+--------+--------+--------+--------+-----+--------+
         Total |   2410 |   2317 |     93 |      0 |   1842 |   4 |  602.5 |
       Dungeon |   2410 |   2317 |     93 |      0 |   1842 |   4 |  602.5 |
               +--------+--------+--------+--------+--------+-----+--------+

Top non-repeatable levels by time:
     D:2: 922 daAuts
     D:1: 857 daAuts
     D:3: 624 daAuts
     D:4: 6 daAuts
